 Dungeon Crawl Stone Soup version 0.28.0-62-gf88900778d (webtiles) character file.

Game seed: 4459370290044034741

844 cbfl8 the Chopper (level 7, -8/61 HPs)
             Began as a Minotaur Fighter on June 5, 2023.
             Was an Initiate of the Shining One.
             Killed from afar by an acid dragon (14 damage)
             ... with a splash of acid
             ... on level 7 of the Dungeon.
             The game lasted 00:04:37 (6616 turns).

cbfl8 the Chopper (Minotaur Fighter)                Turns: 6616, Time: 00:04:37

Health: -8/61      AC:  3    Str: 20    XL:     7   Next: 68%
Magic:  6/6        EV:  9    Int:  5    God:    the Shining One [......]
Gold:   231        SH: 10    Dex: 12    Spells: 6/6 levels left

rFire   . . .      SeeInvis .   a - +0 war axe
rCold   . . .      Faith    .   c - +0 buckler
rNeg    . . .      Spirit   .   b - +0 scale mail
rPois   .          Reflect  +   (helmet restricted)
rElec   .          Harm     .   (no cloak)
rCorr   .          Rampage  .   (no gloves)
Will    .....                   (no boots)
Stlth   ..........              l - amulet of reflection
HPRegen 0.20/turn               (no ring)
MPRegen 0.10/turn               (no ring)

@: about to teleport, corroded, glowing
A: horns 2, retaliatory headbutt
a: Renounce Religion


You were on level 7 of the Dungeon.
You worshipped the Shining One.
The Shining One was noncommittal.
You visited 2 branches of the dungeon, and saw 8 of its levels.

You collected 231 gold pieces.

Inventory:

Hand Weapons
 a - a +0 war axe (weapon)
Armour
 b - a +0 scale mail (worn)
 c - a +0 buckler (worn)
Jewellery
 l - an amulet of reflection (around neck)
Scrolls
 e - 2 scrolls of enchant weapon
 f - 2 scrolls of immolation
 g - a scroll of teleportation
 h - a scroll of holy word
 i - a scroll of blinking
 j - a scroll of silence {unknown}
 k - a scroll of fog {unknown}
Potions
 d - a potion of might


   Skills:
 + Level 5.3 Fighting
 + Level 6.3 Axes
 + Level 5.8 Armour
 + Level 1.4 Dodging
 + Level 1.2 Stealth
 + Level 4.5 Shields
 * Level 3.2 Evocations


You had 6 spell levels left.
You didn't know any spells.
Your spell library contained the following spells:

 Spells                   Type           Power      Damage    Failure   Level
 Magic Dart               Conj           0%         1d3       88%         1
 Call Imp                 Summ           0%         N/A       95%         2
 Dazzling Flash           Conj/Hex       0%         N/A       99%         3
 Mephitic Cloud           Conj/Pois/Air  0%         N/A       99%         3
 Iskenderun's Mystic Bla  Conj/Tloc      0%         2d3       100%        4
 Starburst                Conj/Fire      0%         6d3       100%        6


Dungeon Overview and Level Annotations

Branches:
Dungeon (8/15)             Temple (1/1) D:5
   Lair: D:8-11

Altars:
Elyvilon
Gozag
Hepliaklqana
Makhleb
Qazlal
Trog
Vehumet
Xom
Yredelemnul
The Shining One

Shops:
D:1 :


Innate Abilities, Weirdness & Mutations

You have a pair of horns on your head.
You reflexively headbutt those who attack you in melee.


Message History

HP restored.
A bullfrog comes into view.
The bullfrog gives a loud, deep croak!
You hear a roar!
An acid dragon comes into view.
There are monsters nearby!
You completely miss the bullfrog. You headbutt the bullfrog.
The bullfrog is lightly wounded.
The bullfrog barely misses you. The bullfrog hits you.
There are monsters nearby!
You closely miss the bullfrog. Your headbutt misses the bullfrog.
The bullfrog is lightly wounded.
The bullfrog hits you! You block the bullfrog's attack.
There are monsters nearby!
You slash the bullfrog!
The bullfrog is severely wounded.
The bullfrog hits you. The bullfrog hits you!
You hit the bullfrog but do no damage. You headbutt the bullfrog.
You kill the bullfrog!
The acid dragon spits acid at you. The splash of acid hits you!
The acid corrodes you!
You hear a shout!
You hear a roar!
You are too injured to fight recklessly!
The acid dragon bites you. The acid dragon claws you.
You barely miss the acid dragon. The acid dragon barely misses you.
The acid dragon claws you.
You slash the acid dragon!
The acid dragon is moderately wounded.
A wight comes into view. It is wielding a +3 trident.
The acid dragon barely misses you. The acid dragon claws you.
* * * LOW HITPOINT WARNING * * *
You slash the acid dragon!
The acid dragon is severely wounded.
The acid dragon bites you!
* * * LOW HITPOINT WARNING * * *
You block the acid dragon's attack.
As you read the scroll labelled VIGUOR SAORHUO, it crumbles to dust.
You feel strangely unstable.
It was a scroll of teleportation.
The acid dragon spits acid at you. The splash of acid hits you!
You die...

.#####......####......
...............+......
..######....####....>.
#.........# ##.....
#.###.###.# ##.... #.#
#.....# ##... ##.#
#.....# ##'#
#.##..###.....# #.#
#..z..@.......# ####.#
#####D#####..#####....(
#....†D.##.....##.#...
#...###...#.###........
#..# ...#.# #..#.#...
#.# #.#.# #..#.##.. ...
........#.##.# ###
#.###.##.##.# #.#
#.##.##.#


You could see an acid dragon (catching breath) and a wight.

Vanquished Creatures
  A water moccasin (D:7)
  An ogre (D:4)
  A phantom (D:5)
  A bullfrog (D:7)
  A scorpion (D:5)
  A jelly (D:5)
  3 orc priests
  A gnoll shaman (D:3)
  3 iguanas (D:5)
  An orc wizard (D:3)
  A hound zombie (D:5)
  A hound skeleton (D:5)
  5 gnolls
  5 adders
  A worm (D:4)
  3 dart slugs
  6 orcs
  2 bats (D:1)
  7 endoplasms
  3 giant cockroaches
  5 hobgoblins
  9 jackals
  2 quokkas
  2 ball pythons
  4 frilled lizards
  3 goblins
  6 kobolds
  5 rats (D:1)
84 creatures vanquished.

Notes
Turn   | Place    | Note
-------+----------+-------------------------------------------
     0 | D:1      | cbfl8 the Minotaur Fighter began the quest for the Orb.
     0 | D:1      | Reached XP level 1. HP: 19/19 MP: 0/0
    90 | D:1      | Reached XP level 2. HP: 26/27 MP: 1/1
   399 | D:1      | Found Liraicso's Book Boutique.
   516 | D:1      | Reached skill level 3 in Axes
   850 | D:1      | Reached XP level 3. HP: 31/33 MP: 2/2
  2024 | D:3      | Found a faded altar of an unknown god.
  2034 | D:3      | Found a stormy altar of Qazlal.
  2214 | D:3      | Reached XP level 4. HP: 39/40 MP: 3/3
  2709 | D:2      | Reached skill level 4 in Axes
  2709 | D:2      | Reached skill level 1 in Evocations
  3381 | D:4      | Reached XP level 5. HP: 34/46 MP: 4/4
  4569 | D:4      | Found a hazy altar of Hepliaklqana.
  4646 | D:3      | Reached XP level 6. HP: 53/53 MP: 5/5
  5022 | D:4      | Reached skill level 5 in Axes
  5022 | D:4      | Reached skill level 5 in Armour
  5022 | D:4      | Reached skill level 1 in Dodging
  5222 | D:4      | Found a bloodstained altar of Trog.
  5363 | D:5      | Entered Level 5 of the Dungeon
  5363 | D:5      | Found a staircase to the Ecumenical Temple.
  5375 | D:5      | Reached skill level 1 in Stealth
  5375 | D:5      | Reached XP level 7. HP: 26/60 MP: 6/6
  5662 | Temple   | Entered the Ecumenical Temple
  5694 | Temple   | Became a worshipper of the Shining One
  5846 | D:5      | Reached skill level 5 in Fighting
  6229 | D:5      | You fall into a shaft and drop 3 floors!
  6281 | D:7      | Reached skill level 6 in Axes
  6287 | D:7      | HP: 3/61 [poisoned by a water moccasin]
  6290 | D:7      | HP: 1/61 [poisoned by a water moccasin]
  6616 | D:7      | Killed from afar by an acid dragon

Illustrated notes

Levels and vault maps discovered:
D:1:      wheals_arrival_linesprint, layout_basic, serial_shops,
          nicolae_shop_temple_entry_statues_fountains
D:2:      layout_basic, chequers_garden
D:3:      layout_basic, nicolae_overflow_hidden_temple,
          shapermc_ecumenical_altar_gd
D:4:      layout_basic, worldfamousw_hep_ancestral_shrine, marbit_many_paths,
          eino_tiny_chamber, hangedman_decor_clover_reticule,
          mrwooster_statue_mirror
D:5:      layout_loops_corners, minmay_temple_entry_mini_moons
D:7:      minmay_the_grid_plus [minmay_the_grid_dragon_a,
          minmay_the_grid_armoury, minmay_the_grid_doors, minmay_the_grid_empty,
          minmay_the_grid_prize_big_room], layout_loops_corners, slow_altar_1
D:8:      layout_loops_corners, kennysheep_okawaru_gauntlet,
          hangedman_abyss_or_decor_lesser_grid
Temple:   nicolae_temple_elliptical

Skill      XL: |  1  2  3  4  5  6  7 |
---------------+----------------------+-----
Fighting       | 4 5 |  5.3
Armour         | 4 5 |  5.8
Axes           | 3 4 5 6 |  6.3
Shields        | 4 |  4.5
Evocations     | 1 2 3 |  3.2
Dodging        | 1 |  1.4
Stealth        | 1 |  1.2

Action                   |  1- 3 |  4- 6 |  7- 9 || total
-------------------------+-------+-------+-------++-------
Melee: War axe           |    97 |   106 |    45 ||   248
       Headbutt          |     8 |    18 |     8 ||    34
  Use: Scroll            |     4 |     1 |     1 ||     6
       Potion            |       |     1 |     1 ||     2
Armor: Scale mail        |    63 |    38 |    10 ||   111
Dodge: Dodged            |    52 |    46 |    19 ||   117
Block: Buckler           |    20 |    25 |    22 ||    67
       Reflection        |       |       |     1 ||     1
